 Dungeon Crawl Stone Soup version bcrawl-1.28.1b (webtiles) character file.

Game seed: 1348781469397678230

102752 KristoblXynda the Slasher (level 3, -11/29 HPs)
             Began as a Draconian Skald on Dec 13, 2020.
             Killed by nerve-wracking pain
             ... invoked by Grinder
              (12 damage)
             ... on level 3 of the Dungeon.
             The game lasted 00:02:57 (1884 turns).

KristoblXynda the Slasher (Draconian Skald)         Turns: 1884, Time: 00:02:58

Health: -11/29     AC:  6    Str: 12 (13) XL:     3   Next: 66%
Magic:  6/6        EV: 12    Int: 18 (19) God:
Gold:   195        SH:  0    Dex:  8 (10) Spells: 5/6 levels left

rFire    + . .     SeeInvis .   a - +0 long sword
rCold    + . .     Gourm    .   (no shield)
rNeg     . . .     Faith    .   (armour unavailable)
rPois    +         Spirit   .   (helmet restricted)
rElec    +         Reflect  .   b - +0 cloak
rCorr    +         Harm     .   (no gloves)
MR       .....                  (no boots)
Stlth    +.........             (no amulet)
HPRegen  0.09/turn              (no ring)
MPRegen  0.10/turn              (no ring)

@: brilliant, resistant
A: unfitting armour, cold-blooded, AC +5
a: no special abilities


You were on level 3 of the Dungeon.
You were hungry.

You visited 1 branch of the dungeon, and saw 3 of its levels.

You collected 195 gold pieces.

Inventory:

Hand Weapons
 a - a +0 long sword (weapon)
Missiles
 f - a throwing net {=f}
Armour
 b - a +0 cloak (worn)
 n - a +0 pair of gloves
Jewellery
 h - a cursed amulet of magic regeneration
Scrolls
 c - a scroll of fear
 d - a scroll of immolation {unknown}
 i - a scroll of fog {unknown}
 k - a scroll of enchant armour {unknown}
 o - a scroll of teleportation {unknown}
 p - a scroll of blinking {unknown}
 q - 2 scrolls of remove curse {unknown}
Comestibles
 e - 4 rations {!d}


   Skills:
 - Level 2.1 Fighting
 * Level 3.2 Long Blades
 + Level 2.6 Dodging
 - Level 2.0 Spellcasting
 + Level 3.1 Charms


You had 5 spell levels left.
You knew the following spells:

 Your Spells              Type           Power        Failure   Level  Hunger
a - Infusion              Chrm           ###.....     1%          1    None

Your spell library contained the following spells:

 Spells                   Type           Power        Failure   Level  Hunger
 Song of Slaying          Chrm           ###.....     1%          2    ##.....
 Ozocubu's Armour         Chrm/Ice       ###.....     3%          3    ####...
 Regeneration             Chrm/Necr      ###.......   3%          3    ####...
 Spectral Weapon          Hex/Chrm       ###.....     3%          3    ####...


Dungeon Overview and Level Annotations

Branches:
Dungeon (3/12)

Altars:
Wu Jian

Annotations:
D:3 Grinder


Innate Abilities, Weirdness & Mutations

Your plain brown scales are hard. (AC +5)
You cannot fit into any form of body armour.
You are cold-blooded and may be slowed by cold attacks.


Message History

Grinder is moderately wounded.
Grinder hits you.
* * * LOW HITPOINT WARNING * * *
You writhe in agony.
* * * LOW HITPOINT WARNING * * *
It was a potion of brilliance.
You feel clever all of a sudden. Grinder gestures at you.
Pain shoots through your body!
* * * LOW HITPOINT WARNING * * *
It was a potion of degeneration.
There was something very wrong with that liquid.
You feel weakened.
You feel dopey.
You feel clumsy. Grinder hits you.
* * * LOW HITPOINT WARNING * * *
You writhe in agony.
* * * LOW HITPOINT WARNING * * *
Grinder gestures at you. Pain shoots through your body!
You die...

.....######### #...#
###..........# #...#
...#.#######.########...#
#.###........._.........#
##.#.######.............#
.............########o###
....########.# #.# #####
#.########.# #....@.5)..#
############


You could see Grinder.

Vanquished Creatures
  An ooze (D:2)
  2 worms (D:2)
  A dart slug (D:1)
  A leopard gecko (D:1)
  An orc (D:3)
  4 giant cockroaches
  3 goblins
  7 hobgoblins
  2 jackals (D:2)
  5 bats
  4 frilled lizards
  4 kobolds
  3 rats
38 creatures vanquished.

Notes
Turn   | Place    | Note
-------+----------+-------------------------------------------
     0 | D:1      | KristoblXynda the Draconian Skald began the quest for the
                  | Orb.
     0 | D:1      | Reached XP level 1. HP: 17/17 MP: 3/3
     2 | D:1      | Noticed a vine stalker
     4 | D:1      | Noticed a merfolk
     4 | D:1      | Noticed a gargoyle
     6 | D:1      | Noticed a formicid
     6 | D:1      | Noticed a spriggan
     8 | D:1      | Noticed a halfling
    10 | D:1      | Noticed an octopode
    10 | D:1      | Noticed a minotaur
    12 | D:1      | Noticed a demigod
    12 | D:1      | Noticed a demonspawn
    14 | D:1      | Noticed a felid
    16 | D:1      | Noticed a vampire
    16 | D:1      | Noticed a troll
    18 | D:1      | Noticed a human
    18 | D:1      | Noticed a centaur
    20 | D:1      | Noticed a draconian
    20 | D:1      | Noticed a dwarf
    22 | D:1      | Noticed a tengu
    22 | D:1      | Noticed a ghoul
    24 | D:1      | Noticed an ogre
    26 | D:1      | Noticed a naga
    26 | D:1      | Noticed an elf
   141 | D:1      | Reached XP level 2. HP: 11/24 MP: 5/5
   681 | D:2      | Reached XP level 3. HP: 8/29 MP: 6/6
  1822 | D:3      | Found an ornate altar of the Wu Jian Council.
  1842 | D:3      | Noticed Grinder
  1849 | D:3      | Paralysed by Grinder for 4 turns
  1881 | D:3      | HP: 1/29 [Grinder (2)]
  1884 | D:3      | Killed from afar by Grinder

Skill      XL: |  1  2  3 |
---------------+----------+-----
Charms         | 3 |  3.1
Long Blades    | 3 |  3.2
Fighting       | |  2.1
Dodging        | |  2.6
Spellcasting   | |  2.0

Action                   || total
-------------------------++-------
Melee: Long sword        ||   126
       Tailslap          ||    14
  Use: Potion            ||     3
       Scroll            ||     1
  Eat: Chunk             ||     6
Armor: Skin              ||    40
Dodge: Dodged            ||    67
